 Dungeon Crawl Stone Soup version 0.18-a0-943-g2c08dd4 (webtiles) character file.

147 Duffy the Chopper (level 5, -6/38 HPs)
             Began as a Formicid Gladiator on Dec 28, 2015.
             Mangled by oliversarmada's ghost (8 damage)
             ... on level 3 of the Dungeon.
             The game lasted 00:02:23 (3373 turns).

Duffy the Chopper (Formicid Gladiator)              Turns: 3373, Time: 00:02:23

Health: -6/38      AC: 11    Str: 20    XL:     5   Next: 54%
Magic:  0/5        EV:  6    Int:  8    God:
Gold:   202        SH:  0    Dex: 11    Spells: 0 memorised, 4 levels left

rFire  . . .     SeeInvis +     a - +0 war axe
rCold  . . .     Gourm    .     h - +0 plate armour
rNeg   . . .     Faith    .     (no shield)
rPois  .         Spirit   +     (helmet unavailable)
rElec  .         Dismiss  .     (no cloak)
rCorr  .         Reflect  .     (no gloves)
SustAt .         Harm     .     (no boots)
MR     .....                    u - amulet of guardian spirit
Stlth  ..........               (no ring)
                                (no ring)

@: not resistant to hostile enchantments, extremely unstealthy
A: permanent stasis, dig shafts and tunnels, four strong arms, antennae 3
a: Dig, Shaft Self


You were on level 3 of the Dungeon.
You were not hungry.

You visited 1 branch of the dungeon, and saw 3 of its levels.

You collected 202 gold pieces.


Innate Abilities, Weirdness & Mutations

You are under a permanent stasis effect.
You can dig through walls and to a lower floor.
Your four strong arms can wield two-handed weapons with a shield.
You have a pair of large antennae on your head (SInv).


   Skills:
 - Level 2.2 Fighting
 + Level 4.6 Axes
 - Level 2.0 Throwing
 + Level 3.4 Armour
 - Level 2.6 Dodging


You had 4 spell levels left.
You didn't know any spells.

Inventory:

Hand Weapons
 a - a +0 war axe (weapon)
Missiles
 c - 3 throwing nets (quivered)
 k - 19 poisoned needles
Armour
 h - a +0 plate armour (worn)
Jewellery
 u - an amulet of guardian spirit (around neck)
Scrolls
 b - a scroll of fear {unknown}
 f - 4 scrolls of teleportation {unknown}
 g - 2 scrolls of random uselessness {unknown}
 i - 2 scrolls of remove curse {unknown}
 n - 2 scrolls of identify {unknown}
 o - a scroll of blinking {unknown}
 s - a scroll of magic mapping {unknown}
 v - a scroll of noise {unknown}
Potions
 e - a potion of invisibility {unknown}
 j - 2 potions of lignification {unknown}
 p - a potion of mutation {unknown}
 q - a potion of heal wounds {unknown}
 r - a potion of poison {unknown}
 t - a potion of magic {unknown}
Comestibles
 d - 4 bread rations
 l - 5 fruits
 m - 2 slices of pizza
 w - 3 chunks of flesh

Dungeon Overview and Level Annotations

Branches:
Dungeon (3/15)

Altars:
Nemelex Xobeh
Ru
The Shining One

Annotations:
D:3 oliversarmada's ghost, amateur MfGl


Message History

You are too injured to fight recklessly!
You are too injured to fight recklessly!
You are too injured to fight recklessly!
You are too injured to fight recklessly!
You are too injured to fight recklessly!
You are too injured to fight recklessly!
You are too injured to fight recklessly!
You are too injured to fight recklessly!
You are too injured to fight recklessly!
You are too injured to fight recklessly!
You are too injured to fight recklessly!
You are too injured to fight recklessly!
You are too injured to fight recklessly!
You are too injured to fight recklessly!
You are too injured to fight recklessly!
You are too injured to fight recklessly!
You are too injured to fight recklessly!
You closely miss oliversarmada's ghost.
Oliversarmada's ghost is moderately damaged.
Oliversarmada's ghost barely misses you.
You closely miss oliversarmada's ghost.
Oliversarmada's ghost is moderately damaged.
Oliversarmada's ghost hits you.
You barely miss oliversarmada's ghost.
Oliversarmada's ghost is moderately damaged.
Oliversarmada's ghost hits you!
You hit oliversarmada's ghost.
Oliversarmada's ghost is moderately damaged.
Oliversarmada's ghost whispers, "Death is liberation."
Oliversarmada's ghost hits you!
Oliversarmada's ghost closely misses you.
You hit oliversarmada's ghost but do no damage.
Oliversarmada's ghost is moderately damaged.
Oliversarmada's ghost hits you!
You die...

######..## ###
.........# #..
######.#.# #.# #.#.# #.#
. #.#.###.########
####.#......%......
..##.#####.#######.#
#.##W####.#.######.#
#.##@....###.....#.#
#.##..###.#.##...#.#
.#######.##..#
#.##).....#
..........[..#
#.#[......## #
########(###.#
#.).<......# # #.# .#
###......... # #.###.#
#.......## ####.##..####
#.#...#.##
#...........###.##..#.##


You could see oliversarmada's ghost.

Action                   |  1- 3 |  4- 6 || total
-------------------------+-------+-------++-------
Melee: War axe           |    95 |   194 ||   289
  Eat: Chunk             |     2 |     6 ||     8

Notes
Turn   | Place    | Note
--------------------------------------------------------------
     0 | D:1      | Duffy the Formicid Gladiator began the quest for the Orb.
     0 | D:1      | Reached XP level 1. HP: 16/16 MP: 1/1
   327 | D:1      | Reached XP level 2. HP: 22/22 MP: 2/2
   346 | D:1      | Reached skill level 1 in Armour
  1004 | D:1      | Reached XP level 3. HP: 27/27 MP: 3/3
  1263 | D:2      | Reached skill level 2 in Armour
  1514 | D:2      | Reached XP level 4. HP: 31/33 MP: 4/4
  1635 | D:2      | Found a faded altar to an unknown god.
  1689 | D:2      | Reached skill level 4 in Axes
  1903 | D:2      | Found a sacrificial altar of Ru.
  2348 | D:3      | Reached skill level 3 in Armour
  2362 | D:3      | Reached XP level 5. HP: 17/38 MP: 5/5
  2951 | D:3      | Found a glowing golden altar of the Shining One.
  3102 | D:3      | Found a sparkling altar of Nemelex Xobeh.
  3361 | D:3      | Noticed oliversarmada's ghost (amateur MfGl)
  3373 | D:3      | Mangled by oliversarmada's ghost

Vault maps used:
D:1:      dpeg_arrival_water_fire, hangedman_decor_diamond_cutter, st_stairs_13
D:2:      hangedman_ru_absence, ecumenical_altar_1, minmay_misc_feat_ornament
D:3:      old_standard_altar, lemuel_crystal_altar, first_bread,
          eino_tiny_chamber

Vanquished Creatures
  5 adders
  An ooze
  6 worms
  4 giant geckos
  4 orcs
  A ball python
  10 bats
  4 giant cockroaches
  7 hobgoblins
  7 jackals
  A quokka
  4 giant newts
  8 goblins
  7 kobolds
  6 rats
75 creatures vanquished.
